 Dungeon Crawl Stone Soup version 0.31-a0-819-gf6de2f5ab6 (webtiles) character file.

Game seed: 5361203550316594394

19384 Kurtz the Cleaver (level 12, -4/87 HPs)
             Began as an Octopode Fighter on Sept 25, 2023.
             Was a Believer of Qazlal.
             Slain by a +1 spectral quarterstaff (7 damage)
             ... created by a minotaur
             ... in a Gauntlet.
             The game lasted 00:22:29 (13949 turns).

Kurtz the Cleaver (Octopode Fighter)               Turns: 13949, Time: 00:22:29

Health: -4/87      AC:  1    Str: 15    XL:     12   Next: 68%
Magic:  16/16      EV: 17    Int: 16    God:    Qazlal [**....]
Gold:   490        SH:  3    Dex: 17    Spells: 11/11 levels left

rFire   x . .        a - +8 frozen axe "Frostbite" {freeze, freezing cloud, *Noise Fly rC+}
rCold   + + +        (shield currently unavailable)
rNeg    . . .        (helmet restricted)
rPois   .            k - amulet of the Screaming Gods {Acrobat rC+++ Slay+5}
rElec   .            g - +6 ring of intelligence
rCorr   .            j - ring of protection from cold
SInv    +            u - ring of see invisible
Will    .....        c - ring of ice
Stlth   ++           (no ring)
HPRegen 0.34/turn    (no ring)
MPRegen 0.15/turn    (no ring)
                     (no ring)

%: no teleportation, acrobat
@: mighty, flying
A: almost no armour, amphibious, 8 rings, camouflage 1, gelatinous body 1,
(nimble swimmer 1), tentacles
a: Renounce Religion, Upheaval


You were in a Gauntlet.
You worshipped Qazlal.
Qazlal was pleased with you.
You visited 2 branches of the dungeon, and saw 13 of its levels.
You also visited: Gauntlet.

You collected 925 gold pieces.
You spent 435 gold pieces at shops.

Inventory:

Hand Weapons
 a - the +8 frozen axe "Frostbite" (weapon) {freeze, freezing cloud, *Noise Fly rC+}
   (You found it on level 8 of the Dungeon)

   rC+:       It protects you from cold.
   Fly:       It grants you flight.
   *Noise:    It may make a loud noise when swung.
 h - a +0 broad axe of venom
 n - a +0 whip of electrocution
 p - a +0 vampiric hand axe
 G - a +2 trident of draining
 K - a +2 war axe of freezing
Missiles
 f - 18 poisoned darts
 r - a throwing net (quivered)
Armour
 b - a +1 buckler
Jewellery
 c - a ring of ice (on tentacle)
 g - a +6 ring of intelligence (left tentacle)
 j - a ring of protection from cold (right tentacle)
 k - the amulet of the Screaming Gods (around mantle) {Acrobat rC+++ Slay+5}
   (You acquired it on level 8 of the Dungeon)

   [amulet of the acrobat]

   Acrobat:   It increases your evasion while moving and waiting.
   Slay+5:    It affects your accuracy & damage with ranged weapons and melee
   (+5).
   rC+++:     It renders you almost immune to cold.
 u - a ring of see invisible (on tentacle)
 y - a ring of magical power
 E - an amulet of guardian spirit
Wands
 x - a wand of iceblast (27)
 J - a wand of charming (16)
 N - a wand of polymorph (4)
Scrolls
 d - 3 scrolls of fog
 e - 4 scrolls of immolation
 i - 6 scrolls of blinking
 l - 3 scrolls of vulnerability
 o - 3 scrolls of butterflies
 q - 3 scrolls of fear
 s - 7 scrolls of teleportation
 v - a scroll of enchant armour
 A - 2 scrolls of amnesia {unknown}
 C - a scroll of poison {unknown}
 H - a scroll of torment
Potions
 m - 2 potions of enlightenment
 w - 2 potions of mutation
 z - a potion of magic
 B - a potion of might
 D - 2 potions of ambrosia
 F - a potion of lignification
 I - a potion of berserk rage {unknown}
 M - a potion of resistance {unknown}


   Skills:
 + Level 10.0 Fighting
 * Level 14.0 Axes
 + Level 7.7 Dodging
 - Level 8.3 Shields
 - Level 6.5 Invocations


You had 11 spell levels left.
You didn't know any spells.
Your spell library contained the following spells:

 Spells                   Type           Power      Damage    Failure   Level
 Magic Dart               Conj           0%         1d3       26%         1
 Sandblast                Erth           0%         2d4       26%         1
 Slow                     Hex            0%         N/A       26%         1
 Lesser Beckoning         Tloc           0%         N/A       36%         2
 Passwall                 Tmut/Erth      0%         N/A       36%         2
 Searing Ray              Conj           0%         2d4       36%         2
 Call Canine Familiar     Summ           0%         N/A       58%         3
 Confusing Touch          Hex            0%         N/A       58%         3
 Gell's Gravitas          Tloc           0%         N/A       58%         3
 Hailstorm                Conj/Ice       0%         3d3       58%         3
 Sigil of Binding         Hex            0%         N/A       58%         3
 Stone Arrow              Conj/Erth      0%         3d7       58%         3
 Teleport Other           Tloc           0%         N/A       58%         3
 Vampiric Draining        Necr           0%         2d6       58%         3
 Anguish                  Hex/Necr       0%         N/A       94%         4
 Brom's Barrelling Bould  Conj/Erth      0%         2d3       94%         4
 Fulminant Prism          Conj/Hex       0%         3d5       94%         4
 Summon Ice Beast         Ice/Summ       0%         N/A       94%         4
 Silence                  Hex/Air        0%         N/A       100%        5
 Yara's Violent Unravell  Hex/Tmut       0%         3d3       100%        5
 Conjure Ball Lightning   Conj/Air       0%         3x3d6     100%        6
 Dispersal                Tloc           0%         N/A       100%        6
 Simulacrum               Ice/Necr       0%         N/A       100%        6
 Discord                  Hex            0%         N/A       100%        8
 Disjunction              Tloc           0%         N/A       100%        8


Dungeon Overview and Level Annotations

Branches:
Dungeon (12/15)            Temple (0/1) D:4            Lair (1/5) D:8
    Orc (0/2) D:10        Gauntlet (1/1)

Altars:
Ashenzari
Elyvilon
Gozag
Makhleb
Nemelex Xobeh
Qazlal
Sif Muna
Vehumet

Shops:
D:2 [   D:6 =((   D:8 (   D:10 (

Annotations:
D:6 Blork the orc Gauntlet 4 transporters


Innate Abilities, Weirdness & Mutations

You cannot wear most types of armour.
You are amphibious.
You can wear up to eight rings at the same time.
Your skin changes colour to match your surroundings (Stealth+).
Your rubbery body absorbs attacks. (AC +1, EV +1)
((You are camouflaged when in or above water. (Stealth+)))
You have tentacles for arms and can constrict up to eight enemies at once.


Message History

Aim: a minotaur, wielding a +1 spectral quarterstaff, wearing +0 gold dragon scales, wearing a +6 ring of intelligence and quivering javelins (80% to hit, chance to frenzy on hit: 3%)
You throw a datura-tipped dart.
The datura-tipped dart completely misses the minotaur.
Throw: 2 throwing nets
Press: ? - help, Q - select action, (/) - cycle Shift-Dir - straight line, f/p - minotaur
Aim: a minotaur, wielding a +1 spectral quarterstaff, wearing +0 gold dragon scales, wearing a +6 ring of intelligence and quivering javelins (80% to hit)
You throw a throwing net.
The throwing net completely misses the minotaur.
You hit the minotaur. You grab the minotaur.
You squeeze the minotaur, but do no damage.
The minotaur is lightly wounded.
You constrict the minotaur, but do no damage.
The minotaur is engulfed in freezing vapours.
The minotaur hits you with a +1 spectral quarterstaff!!
The +1 spectral quarterstaff hits you! You block the minotaur's attack.
The minotaur completely misses you. The +1 spectral quarterstaff hits you!
The minotaur misses you.
A +1 spectral quarterstaff comes into view.
Unknown command.
Okay, then.
Unknown command.
You release your grip on the minotaur.
The minotaur is engulfed in freezing vapours.
You feel very mighty all of a sudden.
You feel much better.
The minotaur hits you with a +1 spectral quarterstaff!
The +1 spectral quarterstaff hits you!!
* * * LOW HITPOINT WARNING * * *
The minotaur gores you!
* * * LOW HITPOINT WARNING * * *
A +1 spectral quarterstaff comes into view.
You slash the minotaur! You grab the minotaur. You squeeze the minotaur.
The minotaur is moderately wounded.
You miss the +1 spectral quarterstaff.
You constrict the minotaur, but do no damage.
The +1 spectral quarterstaff barely misses you.
The +1 spectral quarterstaff hits you!
* * * LOW HITPOINT WARNING * * *
You block the minotaur's attack. The +1 spectral quarterstaff hits you!
You die...

......#..#8#
#.#.#.#..###
.#.#..#..#####
#.#.#.#..#≈8§#
.©.#.©#..#.§§########
#.#.#.#..#.8........#
.#.#..#..#...###.##.##
#.#.#.#..#.8.....○..8#
......#..#...#.#@(...#
#######..#...#.#H#####
........≈#.©.#..°#
........∩#...###.(..H((.
........≈#.©.# ..#8.8/8=
#######..#...#.#.#######
....9##..#...#.#..
#####©#..#.8......
...Y###..#...###.#


You could see a minotaur and a +1 spectral quarterstaff.

Vanquished Creatures
  6 two-headed ogres
  4 skeletal warriors (D:11)
  Pikel (D:6)
  An ugly thing (D:12)
  A deep elf pyromancer (D:12)
  A cyclops (D:11)
  A worldbinder (Gauntlet)
  An eye of devastation (Gauntlet)
  Maurice (D:8)
  2 cane toads (Lair:1)
  A freezing wraith (D:8)
  2 unseen horrors
  Jeremiah (D:6)
  3 ice devils
  2 trolls
  Grinder (D:6)
  7 flying skulls (Gauntlet)
  Sigmund (D:6)
  A shadow (D:11)
  10 yaks
  2 wraiths (D:10)
  3 steam dragons
  2 water moccasins
  An acid dragon (D:11)
  Duvessa (D:7)
  A floating eye (Gauntlet)
  4 black bears
  3 sky beasts (D:7)
  3 orc warriors
  An ice beast (D:7)
  A wolf (D:8)
  A boggart (Gauntlet)
  An ogre (D:5)
  4 centaurs
  A kobold brigand (D:7)
  3 bullfrogs
  2 gnoll sergeants
  2 scorpions (D:6)
  Dowan (D:7)
  3 killer bees (D:11)
  9 howler monkeys
  11 electric eels
  8 hounds
  7 jellies
  7 orc priests
  A gnoll bouda (D:5)
  A sleepcap (D:5)
  Terence (D:3)
  An iguana (D:7)
  10 orc wizards
  15 gnolls
  6 adders
  2 shadow imps
  8 white imps
  2 ufetubi (D:5)
  2 worms
  A dart slug (D:4)
  35 orcs
  4 bats
  18 endoplasms
  4 giant cockroaches
  3 goblins
  5 hobgoblins
  8 jackals
  13 kobolds
  4 quokkas
  4 ball pythons
  7 frilled lizards
285 creatures vanquished.

Notes
Turn   | Place    | Note
-------+----------+-------------------------------------------
     0 | D:1      | Kurtz the Octopode Fighter began the quest for the Orb.
     0 | D:1      | Reached XP level 1. HP: 16/16 MP: 1/1
    93 | D:1      | Reached XP level 2. HP: 18/21 MP: 2/2
   242 | D:1      | Reached skill level 3 in Axes
   665 | D:2      | Found a stormy altar of Qazlal.
   674 | D:2      | Reached XP level 3. HP: 20/26 MP: 3/3
   865 | D:2      | Became a worshipper of Qazlal Stormbringer
   886 | D:2      | Found Qieptodu's Armour Shoppe.
   938 | D:2      | Found a faded altar of an unknown god.
  1126 | D:2      | Reached XP level 4. HP: 30/31 MP: 4/4
  1267 | D:3      | Reached skill level 4 in Axes
  1546 | D:3      | Noticed Terence
  1555 | D:3      | Killed Terence
  1556 | D:3      | Reached skill level 1 in Invocations
  1556 | D:3      | Reached XP level 5. HP: 33/36 MP: 5/5
  1667 | D:3      | Reached * piety under Qazlal
  1716 | D:3      | Reached skill level 5 in Axes
  2035 | D:4      | Reached XP level 6. HP: 34/42 MP: 5/7
  2191 | D:4      | Reached ** piety under Qazlal
  2197 | D:4      | HP: 1/42 [acid (10)]
  2330 | D:4      | Found a staircase to the Ecumenical Temple.
  2383 | D:5      | Entered Level 5 of the Dungeon
  2383 | D:5      | Noticed a black bear
  2386 | D:5      | Killed a black bear
  2387 | D:5      | Reached XP level 7. HP: 47/47 MP: 8/8
  2392 | D:5      | Found a radiant altar of Vehumet.
  2392 | D:5      | Found an opulent altar of Gozag.
  2398 | D:5      | Reached skill level 6 in Axes
  2466 | D:5      | Found a white marble altar of Elyvilon.
  2507 | D:5      | Found a stormy altar of Qazlal.
  2608 | D:5      | Identified the +6 falchion "Vobbesasy" {heavy, +Blink}
  2674 | D:4      | You fall into a shaft and drop 2 floors!
  2934 | D:6      | Noticed Sigmund
  2954 | D:6      | Killed Sigmund
  2968 | D:6      | Found a broken altar of Ashenzari.
  3148 | D:6      | Noticed Pikel
  3159 | D:6      | Killed Pikel
  3160 | D:6      | Reached skill level 5 in Fighting
  3160 | D:6      | Reached skill level 7 in Axes
  3160 | D:6      | Reached XP level 8. HP: 19/55 MP: 10/10
  3289 | D:6      | Found Nonam's Antique Weapon Shop.
  3302 | D:6      | Bought a shimmering mace for 216 gold pieces
  3302 | D:6      | Identified the +1 mace "Nulusieni" {elec, Fragile rPois
                  | Will+ Str+5} (You bought it in a shop on level 6 of the
                  | Dungeon)
  3361 | D:6      | Noticed Grinder
  3370 | D:6      | Killed Grinder
  3371 | D:6      | Reached skill level 5 in Shields
  3770 | D:5      | Reached XP level 9. HP: 62/62 MP: 11/11
  3911 | D:5      | Reached skill level 8 in Axes
  5071 | D:6      | Found Xiovor's Antique Weapon Shoppe.
  5101 | D:6      | Noticed Blork the orc
  5103 | D:6      | Noticed Jeremiah
  5134 | D:5      | Reached skill level 5 in Dodging
  5277 | D:6      | Found Gatriz's Jewellery Emporium.
  5362 | D:6      | Killed Jeremiah
  6206 | D:7      | Reached XP level 10. HP: 36/71 MP: 5/13
  6374 | D:7      | Reached skill level 5 in Invocations
  6602 | D:7      | Noticed Duvessa
  6603 | D:7      | Noticed Dowan
  6608 | D:7      | Killed Duvessa
  6609 | D:7      | Killed Dowan
  6856 | D:7      | Found a sparkling altar of Nemelex Xobeh.
  7102 | D:8      | Noticed Maurice
  7111 | D:8      | Killed Maurice
  7170 | D:8      | Found a burning altar of Makhleb.
  7244 | D:8      | Found Liesk's Weapon Boutique.
  7244 | D:8      | Noticed a +0 executioner's axe
  7253 | D:8      | Found a staircase to the Lair.
  7460 | D:8      | Noticed a +0 triple sword
  7468 | D:8      | Bought a +2 war axe of freezing for 219 gold pieces
  7921 | D:8      | Noticed a two-headed ogre
  7930 | D:8      | Killed a two-headed ogre
  8190 | D:8      | Noticed a two-headed ogre
  8252 | D:8      | Killed a two-headed ogre
  8253 | D:8      | Reached skill level 9 in Axes
  8253 | D:8      | Reached XP level 11. HP: 78/78 MP: 15/15
  8890 | D:8      | Found the +8 frozen axe "Frostbite" {freeze, freezing
                  | cloud, *Noise Fly rC+}
  9451 | D:8      | Reached skill level 10 in Axes
 10031 | D:9      | Identified 2 scrolls of acquirement
 10062 | D:8      | Acquired a +0 broad axe of venom
 10064 | D:8      | Acquired the amulet of the Screaming Gods {Acrobat rC+++
                  | Slay+5}
 10094 | Lair:1   | Entered Level 1 of the Lair of Beasts
 10792 | D:10     | Entered Level 10 of the Dungeon
 11067 | D:10     | Found Lynur's Weapon Boutique.
 11067 | D:10     | Found a staircase to the Orcish Mines.
 11076 | D:10     | Reached skill level 11 in Axes
 11567 | D:11     | Noticed a two-headed ogre
 11574 | D:11     | Killed a two-headed ogre
 11869 | D:11     | Noticed a two-headed ogre
 11870 | D:11     | Noticed a two-headed ogre
 11875 | D:11     | Killed a two-headed ogre
 11879 | D:11     | Killed a two-headed ogre
 11880 | D:11     | Reached skill level 12 in Axes
 11880 | D:11     | Reached XP level 12. HP: 61/86 MP: 10/16
 12114 | D:11     | Found a shimmering blue altar of Sif Muna.
 12217 | D:11     | Noticed a two-headed ogre
 12224 | D:11     | Killed a two-headed ogre
 12249 | D:11     | Reached skill level 13 in Axes
 13198 | D:12     | Found a gate leading to a gauntlet.
 13213 | Gauntlet | Entered a Gauntlet
 13213 | Gauntlet | Found a transporter.
 13213 | Gauntlet | Found a transporter.
 13213 | Gauntlet | Found a transporter.
 13213 | Gauntlet | Found a transporter.
 13378 | Gauntlet | Found a transporter.
 13381 | Gauntlet | Noticed a catoblepas
 13398 | Gauntlet | Found a transporter.
 13409 | Gauntlet | Found a transporter.
 13415 | Gauntlet | Found a transporter.
 13423 | Gauntlet | Found a transporter.
 13443 | Gauntlet | Found a transporter.
 13450 | Gauntlet | Found a transporter.
 13471 | Gauntlet | Found a transporter.
 13564 | Gauntlet | Paralysed by a floating eye for 4 turns
 13614 | Gauntlet | Reached skill level 10 in Fighting
 13621 | Gauntlet | Got a moth-eaten book
 13736 | Gauntlet | Reached skill level 14 in Axes
 13938 | Gauntlet | Noticed a minotaur
 13949 | Gauntlet | HP: 3/87 [+1 spectral quarterstaff[a minotaur] (7)]
 13949 | Gauntlet | Slain by a +1 spectral quarterstaff

Illustrated notes

Levels and vault maps discovered:
D:1:      minmay_arrival_four_circles, layout_basic
D:2:      layout_rooms, hellmonk_ecumenical_altar_pennies_from_heaven,
          serial_shops, shop, basic_altar, grunt_ministairs_2
D:3:      layout_loops_ring, reono_crystal_passage, uniq_terence
D:4:      cheibrodos_fertilizer, layout_rooms, minmay_temple_entry_poolview
D:5:      layout_basic, nicolae_overflow_macrodata_refinement
D:6:      cheibrodos_quashed, layout_loops_corners, lemuel_doored_altar,
          serial_shops, shop_fountains, nicolae_shop_tiny_waterfront,
          nicolae_take_the_stairs, minmay_misc_feat_hallway, chequers_big_river,
          uniq_blork_the_orc, uniq_grinder, uniq_jeremiah, uniq_pikel,
          uniq_sigmund
D:7:      layout_loops_ring, nemelex_xobeh_ov_fountains_minmay, nicolae_sextant,
          hangedman_misty_isle, uniq_duvessa
D:8:      layout_gridville, kennysheep_little_box, erik_lair_island,
          serial_shops, nicolae_shop_mannequins,
          hellmonk_guarded_unrand_frostbite, uniq_maurice
D:9:      layout_small_grid, serial_bayou_pond_c
D:10:     layout_roguey, orc_david_3
D:11:     layout_loops_ring, nicolae_sif_muna_little_library
D:12:     layout_roguey [special_room_orc], gauntlet_entry_generic,
          serial_bayou_pond_d, chequers_jeans
Lair:1:   lemuel_reptile_caves, layout_regular_city, serial_bayou_lake_a
Gauntlet: gammafunk_gauntlet_shortcut [gammafunk_gauntlet_arena_crates,
          gammafunk_gauntlet_arena_spirals, nicolae_gauntlet_arena_flowing_pool,
          gammafunk_gauntlet_arena_corners, nicolae_gauntlet_swirl,
          gammafunk_gauntlet_arena_grid, nicolae_gauntlet_exit_dead_adventurers]

Skill      XL: |  1  2  3  4  5  6  7  8  9 10 11 12 |
---------------+-------------------------------------+-----
Axes           | 3 4 5 7 8 9 12 14 | 14.0
Invocations    | 1 2 3 4 6 |  6.5
Fighting       | 5 7 8 9 10 | 10.0
Shields        | 4 5 6 8 |  8.3
Dodging        | 4 5 6 7 |  7.7

Action                     |  1- 3 |  4- 6 |  7- 9 | 10-12 || total
---------------------------+-------+-------+-------+-------++-------
  Melee: War axe           |    61 |    33 |       |    49 ||   143
         Constrict         |    12 |    20 |    33 |    51 ||   116
         Tentacles         |     8 |    29 |    26 |    58 ||   121
         Punch             |     1 |     4 |     2 |     4 ||    11
         Hand axe          |       |    81 |    39 |       ||   120
         Mace              |       |       |    97 |    74 ||   171
         Whip              |       |       |     3 |       ||     3
         Executioner's axe |       |       |       |   132 ||   132
  Throw: Dart              |       |       |       |    20 ||    20
         Throwing net      |       |       |       |     1 ||     1
 Invoke: Upheaval          |       |       |     5 |    15 ||    20
  Evoke: Wand              |       |     1 |    18 |    15 ||    34
    Use: Potion            |       |     5 |     3 |     8 ||    16
         Scroll            |       |       |     5 |    13 ||    18
   Stab: Sleeping          |     6 |     2 |       |       ||     8
         Distracted        |     1 |       |       |       ||     1
         Invisible         |       |       |       |     4 ||     4
 Armour: Skin              |    30 |    74 |    83 |   178 ||   365
  Dodge: Dodged            |    42 |    55 |    96 |   210 ||   403
  Block: Buckler           |    12 |    30 |    70 |    52 ||   164
         Other             |       |       |       |    13 ||    13

Table legend: (Time is in decaauts)
 A = Elapsed time spent in this place.
 B = Non-inter-level travel time spent in this place.
 C = Inter-level travel time spent in this place.
 D = Time resting spent in this place.
 E = Time spent auto-exploring this place.
 F = Levels seen in this place.
 G = Mean time per level.
                   A        B        C        D        E       F      G
               +--------+--------+--------+--------+--------+-----+--------+
         Total |  14078 |  13205 |    873 |   4094 |   6797 |  14 | 1005.6 |
       Dungeon |  13092 |  12219 |    873 |   3622 |   6504 |  12 | 1091.0 |
          Lair |    245 |    245 |      0 |    194 |      3 |   1 |  245.0 |
      Gauntlet |    739 |    739 |      0 |    278 |    290 |   1 |  739.0 |
               +--------+--------+--------+--------+--------+-----+--------+

Top non-repeatable levels by time:
     D:8: 2552 daAuts
     D:6: 1852 daAuts
    D:11: 1663 daAuts
     D:7: 1287 daAuts
     D:5: 1278 daAuts
     D:3: 866 daAuts
     D:4: 782 daAuts
     D:9: 766 daAuts
Gauntlet: 739 daAuts
    D:10: 709 daAuts
     D:1: 679 daAuts
     D:2: 580 daAuts
  Lair:1: 245 daAuts
    D:12: 75 daAuts
